ESL (28 & UNDER)
BUFFALO LIGHTSABRES @ INTERCOURSE AMISH
08/19/2029
 
TOP OF THE 1ST
Buffalo LightSabres batting - Pitching for Intercourse Amish : RHP Errol Murphy
Pitching: RHP Errol Murphy
Batting: RHB Earl Godwin 0-0: Foul Ball, location: 2F
0-1: Called Strike
0-2: Ball
1-2: Ball
2-2: Ball
3-2: Strikes out looking
Batting: LHB Emílio Montoya 0-0: Ball
1-0: Ball
2-0: Called Strike
2-1: Foul Ball, location: 2F
2-2: Ground out 6-3 (Groundball, 6S)
Batting: LHB Rob Davidson 0-0: Ball
1-0: Ball
2-0: Ball
3-0: Called Strike
3-1: Base on Balls
Batting: RHB Augusto Padilla 0-0: Foul Ball, location: 2F
0-1: Ball
1-1: Fly out, F8 (Flyball, 8RS)
Top of the 1st over - 0 runs, 0 hits, 0 errors, 1 left on base; Buffalo 0 - Intercourse 0
BOTTOM OF THE 1ST
Intercourse Amish batting - Pitching for Buffalo LightSabres : RHP Roy Jordan
Pitching: RHP Roy Jordan
Batting: RHB Pablo Díaz 0-0: Called Strike
0-1: Ground out 4-3 (Groundball, 4)
Batting: LHB Jesús Rojas 0-0: Reached on error, E5 (Groundball, 5L)
Batting: SHB Ralph Robison 0-0: Ball
1-0: Ball
2-0: Called Strike
2-1: Ball
3-1: Foul Ball, location: 2F
3-2: Base on Balls
Jesús Rojas to second
Batting: LHB Dave Reynolds 0-0: Ball
1-0: Foul Ball, location: 2F
1-1: Foul Ball, location: 2F
1-2: Foul Ball, location: 2F
1-2: Ball
2-2: Strikes out swinging
Batting: RHB Mitsuoki Taguchi 0-0: Ball
1-0: Ball
2-0: Foul Ball, location: 2F
2-1: Swinging Strike
2-2: Ball
3-2: Base on Balls
Jesús Rojas to third
Ralph Robison to second
Batting: RHB Juan Estrada 0-0: Called Strike
0-1: Ball
1-1: Ball
2-1: Fly out, F8 (Flyball, 8LM)
Bottom of the 1st over - 0 runs, 0 hits, 1 error, 3 left on base; Buffalo 0 - Intercourse 0
TOP OF THE 2ND
Buffalo LightSabres batting - Pitching for Intercourse Amish : RHP Errol Murphy
Batting: LHB Tim Griffith 0-0: Ball
1-0: Foul Ball, location: 2F
1-1: Ball
2-1: Foul Ball, location: 2F
2-2: Fly out, F7 (Flyball, 7D)
Batting: RHB Alfredo Villegas 0-0: Called Strike
0-1: Ball
1-1: Ground out 5-3 (Groundball, 56S)
Batting: RHB Júlio López 0-0: Ball
1-0: Called Strike
1-1: SINGLE (Groundball, 6D)
Batting: RHB Abraham Hardy 0-0: Ball
1-0: DOUBLE (Line Drive, 89D)
Júlio López to third
Runner from 3rd tries for Home, SAFE, no throw
Batting: RHB Daniel Riddle 0-0: Ground out 3-1 (Groundball, 34S)
Top of the 2nd over - 1 run, 2 hits, 0 errors, 1 left on base; Buffalo 1 - Intercourse 0
BOTTOM OF THE 2ND
Intercourse Amish batting - Pitching for Buffalo LightSabres : RHP Roy Jordan
Batting: LHB Bruce Foster 0-0: Ball
1-0: Ball
2-0: Ball
3-0: Called Strike
3-1: Base on Balls
Batting: LHB Tony O'Bryan 0-0: Ball
1-0: Ball
2-0: Foul Ball, location: 2F
2-1: Swinging Strike
2-2: Strikes out swinging
Batting: SHB Conan Hanson 0-0: Called Strike
0-1: Foul Ball, location: 2F
0-2: Ball
1-2: Ball
2-2: Ball
3-2: Grounds into double play, 4-6-3 (Groundball, 4)
Bottom of the 2nd over - 0 runs, 0 hits, 0 errors, 0 left on base; Buffalo 1 - Intercourse 0
TOP OF THE 3RD
Buffalo LightSabres batting - Pitching for Intercourse Amish : RHP Errol Murphy
Batting: RHB Earl Godwin 0-0: Called Strike
0-1: Ball
1-1: Swinging Strike
1-2: Ball
2-2: SINGLE (Groundball, 4MD)
Batting: LHB Emílio Montoya 0-0: Called Strike
Earl Godwin steals 2nd base
0-1: Ball
Wild Pitch!
Earl Godwin to third
1-1: Swinging Strike
1-2: Strikes out looking
Batting: LHB Rob Davidson 0-0: Ball
1-0: Ball
2-0: Called Strike
2-1: Swinging Strike
2-2: Ball
3-2: Foul Ball, location: 2F
3-2: Ground out 6-3 (Groundball, 6M)
Earl Godwin scores
Batting: RHB Augusto Padilla 0-0: Called Strike
0-1: Ground out 5-3 (Groundball, 56)
Top of the 3rd over - 1 run, 1 hit, 0 errors, 0 left on base; Buffalo 2 - Intercourse 0
BOTTOM OF THE 3RD
Intercourse Amish batting - Pitching for Buffalo LightSabres : RHP Roy Jordan
Batting: RHB Pablo Díaz 0-0: Ball
1-0: SOLO HOME RUN (Flyball, 7D), Distance : 402 ft
Batting: LHB Jesús Rojas 0-0: Called Strike
0-1: Foul Ball, location: 2F
0-2: Fly out, F2 (Popup, 25F)
Batting: SHB Ralph Robison 0-0: Ball
1-0: Called Strike
1-1: Ball
2-1: SINGLE (Line Drive, 34)
Batting: LHB Dave Reynolds 0-0: Ball
1-0: Fly out, F9 (Flyball, 9LD)
Batting: RHB Mitsuoki Taguchi 0-0: Ground out 4-3 (Groundball, 4)
Bottom of the 3rd over - 1 run, 2 hits, 0 errors, 1 left on base; Buffalo 2 - Intercourse 1
TOP OF THE 4TH
Buffalo LightSabres batting - Pitching for Intercourse Amish : RHP Errol Murphy
Batting: LHB Tim Griffith 0-0: Swinging Strike
0-1: Ball
1-1: Ball
2-1: TRIPLE (Flyball, 9LD)
Batting: RHB Alfredo Villegas 0-0: Called Strike
0-1: Foul Ball, location: 2F
0-2: Foul Ball, location: 2F
0-2: Ball
1-2: Strikes out swinging
Batting: RHB Júlio López 0-0: Ball
1-0: Ground out 4-3 (Groundball, 4)
Tim Griffith scores
Batting: RHB Abraham Hardy 0-0: Foul Ball, location: 2F
0-1: Ball
1-1: Called Strike
1-2: Hit by Pitch
Batting: RHB Daniel Riddle 0-0: Ground out U3 (Groundball, 3)
Top of the 4th over - 1 run, 1 hit, 0 errors, 1 left on base; Buffalo 3 - Intercourse 1
BOTTOM OF THE 4TH
Intercourse Amish batting - Pitching for Buffalo LightSabres : RHP Roy Jordan
Batting: RHB Juan Estrada 0-0: Called Strike
0-1: Called Strike
0-2: Ball
1-2: Ball
2-2: Foul Ball, location: 2F
2-2: Strikes out swinging
Batting: LHB Bruce Foster 0-0: Ball
1-0: Foul Ball, location: 2F
1-1: Ball
2-1: Foul Ball, location: 2F
2-2: Ball
3-2: SINGLE (Groundball, 34D)
Batting: LHB Tony O'Bryan 0-0: Foul Ball, location: 2F
0-1: Called Strike
0-2: Ball
1-2: Grounds into double play, 4-6-3 (Groundball, 4)
Bottom of the 4th over - 0 runs, 1 hit, 0 errors, 0 left on base; Buffalo 3 - Intercourse 1
TOP OF THE 5TH
Buffalo LightSabres batting - Pitching for Intercourse Amish : RHP Errol Murphy
Batting: RHB Earl Godwin 0-0: Ball
1-0: Ground out 4-3 (Groundball, 4)
Batting: LHB Emílio Montoya 0-0: Ball
1-0: Foul Ball, location: 2F
1-1: Ground out 6-3 (Groundball, 6)
Batting: LHB Rob Davidson 0-0: Ground out 4-3 (Groundball, 4)
Top of the 5th over - 0 runs, 0 hits, 0 errors, 0 left on base; Buffalo 3 - Intercourse 1
BOTTOM OF THE 5TH
Intercourse Amish batting - Pitching for Buffalo LightSabres : RHP Roy Jordan
Batting: SHB Conan Hanson 0-0: Called Strike
0-1: Swinging Strike
0-2: Strikes out swinging
Batting: RHB Pablo Díaz 0-0: Called Strike
0-1: SOLO HOME RUN (Flyball, 78XD), Distance : 406 ft
Batting: LHB Jesús Rojas 0-0: Ball
1-0: Ball
2-0: Ball
3-0: Base on Balls
Batting: SHB Ralph Robison 0-0: Ball
1-0: Fly out, F9 (Flyball, 89S)
Batting: LHB Dave Reynolds 0-0: Ball
1-0: Ball
2-0: Ground out 4-3 (Groundball, 4)
Bottom of the 5th over - 1 run, 1 hit, 0 errors, 1 left on base; Buffalo 3 - Intercourse 2
TOP OF THE 6TH
Buffalo LightSabres batting - Pitching for Intercourse Amish : RHP Errol Murphy
Batting: RHB Augusto Padilla 0-0: Called Strike
0-1: Foul Ball, location: 2F
0-2: Foul Ball, location: 2F
0-2: Foul Ball, location: 2F
0-2: Ball
1-2: Ball
2-2: Ball
3-2: Strikes out swinging
Batting: LHB Tim Griffith 0-0: Fly out, F8 (Flyball, 8RM)
Batting: RHB Alfredo Villegas 0-0: Swinging Strike
0-1: Ball
1-1: Ball
2-1: Called Strike
2-2: Foul Ball, location: 2F
2-2: Foul Ball, location: 2F
2-2: Ball
3-2: Base on Balls
Batting: RHB Júlio López 0-0: Ball
1-0: Foul Ball, location: 2F
1-1: Ball
Alfredo Villegas is caught stealing 2nd base
Top of the 6th over - 0 runs, 0 hits, 0 errors, 0 left on base; Buffalo 3 - Intercourse 2
BOTTOM OF THE 6TH
Intercourse Amish batting - Pitching for Buffalo LightSabres : RHP Roy Jordan
Pitching: RHP Gavin Robbins
Batting: RHB Mitsuoki Taguchi 0-0: Ball
1-0: Ball
2-0: Swinging Strike
2-1: Foul Ball, location: 2F
2-2: Foul Ball, location: 2F
2-2: SINGLE (Line Drive, 8RS)
Batting: RHB Juan Estrada 0-0: Ball
1-0: Foul Ball, location: 2F
1-1: Fly out, F7 (Flyball, 78D)
Batting: LHB Bruce Foster 0-0: Ball
Mitsuoki Taguchi steals 2nd base
1-0: Called Strike
1-1: SINGLE (Groundball, 4MD)
Mitsuoki Taguchi to third
Runner from 3rd tries for Home, SAFE, no throw
Batting: LHB Tony O'Bryan 0-0: Ball
1-0: Fielders Choice at 2nd, 1-6 (Groundball, 13)
Batting: SHB Conan Hanson 0-0: Foul Ball, location: 2F
0-1: Ball
1-1: Ball
2-1: Called Strike
2-2: Fly out, F6 (Popup, 6MD)
Bottom of the 6th over - 1 run, 2 hits, 0 errors, 1 left on base; Buffalo 3 - Intercourse 3
TOP OF THE 7TH
Buffalo LightSabres batting - Pitching for Intercourse Amish : RHP Errol Murphy
Pitching: RHP Sixto Santiago
Batting: RHB Júlio López 0-0: Called Strike
0-1: Ball
1-1: Foul Ball, location: 2F
1-2: Strikes out swinging
Batting: RHB Abraham Hardy 0-0: Foul Ball, location: 2F
0-1: Ball
1-1: Ball
2-1: Foul Ball, location: 2F
2-2: SINGLE (Groundball, 6MD)
Batting: RHB Daniel Riddle 0-0: SINGLE (Groundball, 4MD)
Abraham Hardy to second
Runner from 2nd tries for 3rd, SAFE, no throw
Pinch Hitting: RHB John Warren 0-0: SINGLE (Flyball, 9LS)
Abraham Hardy scores
Daniel Riddle to second
Runner from 2nd tries for 3rd, SAFE, no throw
Batting: LHB Emílio Montoya 0-0: Foul Ball, location: 2F
0-1: Ball
1-1: Fielders Choice at 2nd, 4-6 (Groundball, 34)
Daniel Riddle scores
Batting: LHB Rob Davidson 0-0: Ball
1-0: Ball
2-0: Foul Ball, location: 2F
2-1: Swinging Strike
2-2: Ball
3-2: Strikes out swinging
Top of the 7th over - 2 runs, 3 hits, 0 errors, 1 left on base; Buffalo 5 - Intercourse 3
BOTTOM OF THE 7TH
Intercourse Amish batting - Pitching for Buffalo LightSabres : RHP Gavin Robbins
Now in LF: John Warren
Batting: RHB Pablo Díaz 0-0: Called Strike
0-1: Ball
1-1: Ball
2-1: Foul Ball, location: 2F
2-2: Ball
3-2: Base on Balls
Batting: LHB Jesús Rojas 0-0: Fly out, F9 (Flyball, 9LSF)
Batting: SHB Ralph Robison 0-0: Called Strike
0-1: SINGLE (Flyball, 89M)
Pablo Díaz to second
Batting: LHB Dave Reynolds 0-0: Fly out, F7 (Flyball, 78D)
Batting: RHB Mitsuoki Taguchi 0-0: Foul Ball, location: 2F
0-1: Foul Ball, location: 2F
0-2: SINGLE (Flyball, 89S)
Pablo Díaz to third
Ralph Robison to second
Batting: RHB Juan Estrada 0-0: DOUBLE (Groundball, 5L)
Pablo Díaz scores
Ralph Robison scores
Mitsuoki Taguchi to third
Runner from 3rd tries for Home, SAFE, no throw
Pitching: RHP Junior Pineault
Batting: LHB Bruce Foster 0-0: Called Strike
0-1: Ground out 5-3 (Groundball, 5)
Bottom of the 7th over - 3 runs, 3 hits, 0 errors, 1 left on base; Buffalo 5 - Intercourse 6
TOP OF THE 8TH
Buffalo LightSabres batting - Pitching for Intercourse Amish : RHP Sixto Santiago
Now at 2B: John Jones
Now at 3B: Joe Zapata
Batting: RHB Augusto Padilla 0-0: Ball
1-0: Called Strike
1-1: Ball
2-1: Ball
3-1: Base on Balls
Pitching: RHP Jeremiah Moran
Batting: LHB Tim Griffith 0-0: Ball
1-0: SINGLE (Flyball, 8RS)
Augusto Padilla to second
Batting: RHB Alfredo Villegas 0-0: Called Strike
0-1: Sac Bunt - play at first, batter OUT! 1-4
Augusto Padilla to third
Tim Griffith to second
Batting: RHB Júlio López 0-0: Ball
1-0: Called Strike
1-1: Swinging Strike
1-2: Ball
2-2: Ground out U3 (Groundball, 3L)
Batting: RHB Abraham Hardy 0-0: Ball
1-0: Fly out, F8 (Line Drive, 8RM)
Top of the 8th over - 0 runs, 1 hit, 0 errors, 2 left on base; Buffalo 5 - Intercourse 6
BOTTOM OF THE 8TH
Intercourse Amish batting - Pitching for Buffalo LightSabres : RHP Junior Pineault
Batting: LHB Tony O'Bryan 0-0: Fly out, F9 (Line Drive, 89M)
Batting: SHB Conan Hanson 0-0: Swinging Strike
0-1: Foul Ball, location: 2F
0-2: Ground out 5-3 (Groundball, 56)
Batting: RHB Pablo Díaz 0-0: Called Strike
0-1: Ball
1-1: Ball
2-1: Ball
3-1: Base on Balls
Batting: LHB Jesús Rojas 0-0: Ball
1-0: Ground out 4-3 (Groundball, 4)
Bottom of the 8th over - 0 runs, 0 hits, 0 errors, 1 left on base; Buffalo 5 - Intercourse 6
TOP OF THE 9TH
Buffalo LightSabres batting - Pitching for Intercourse Amish : RHP Jeremiah Moran
Now at C: Roberto Solís
Pinch Hitting: LHB Sergio Luna 0-0: Called Strike
0-1: Foul Ball, location: 2F
0-2: Ball
1-2: Ground out 2-3 (Groundball, 2L)
Batting: RHB John Warren 0-0: Called Strike
0-1: Ground out 6-3 (Groundball, 6MS)
Batting: LHB Emílio Montoya 0-0: Called Strike
0-1: Called Strike
0-2: Ball
1-2: Ball
2-2: Foul Ball, location: 2F
2-2: Ball
3-2: Strikes out swinging
Top of the 9th over - 0 runs, 0 hits, 0 errors, 0 left on base; Buffalo 5 - Intercourse 6
Saturday, December 16th, 2017 - OOTP Baseball 18.8 Build 76